 Dungeon Crawl Stone Soup version 0.29.1-12-g30fa7ad0bf (webtiles) character file.

Game seed: 16230572159060512927

86 fantasyman the Covered (level 4, -2/40 HPs)
             Began as a Minotaur Fighter on Dec 13, 2022.
             Slain by a hobgoblin (5 damage)
             ... led by Robin
             ... on level 3 of the Dungeon.
             The game lasted 00:01:26 (1597 turns).

fantasyman the Covered (Minotaur Fighter)           Turns: 1597, Time: 00:01:26

Health: -2/40      AC:  7    Str: 23    XL:     4   Next: 26%
Magic:  3/3        EV:  9    Int:  5    God:
Gold:   78         SH:  4    Dex:  9    Spells: 3/3 levels left

rFire   . . .      SeeInvis .   a - +0 war axe
rCold   . . .      Faith    .   c - +0 buckler
rNeg    . . .      Spirit   .   b - +0 scale mail
rPois   .          Reflect  .   (helmet restricted)
rElec   .          Harm     .   (no cloak)
rCorr   .          Rampage  .   (no gloves)
Will    .....                   (no boots)
Stlth   ..........              (no amulet)
HPRegen 0.13/turn               (no ring)
MPRegen 0.08/turn               (no ring)

@: no status effects
A: horns 2, retaliatory headbutt
a: no special abilities


You were on level 3 of the Dungeon.
You visited 1 branch of the dungeon, and saw 3 of its levels.

You collected 78 gold pieces.

Inventory:

Hand Weapons
 a - a +0 war axe (weapon)
Armour
 b - a +0 scale mail (worn)
 c - a +0 buckler (worn)
Scrolls
 e - 2 scrolls of enchant armour {unknown}
 h - 2 scrolls of teleportation {unknown}
 l - 2 scrolls of poison {unknown}
 m - a scroll of enchant weapon {unknown}
 o - a scroll of torment {unknown}
 p - a scroll of noise {unknown}
Potions
 d - a potion of might
 f - 2 potions of attraction {unknown}
 g - a potion of haste {unknown}
 i - 2 potions of lignification {unknown}
 j - a potion of cancellation {unknown}
 k - a potion of curing {unknown}
 n - a potion of berserk rage {unknown}


   Skills:
 + Level 4.0 Fighting
 + Level 3.8 Axes
 + Level 4.7 Armour
 - Level 0.1 Dodging
 + Level 4.1 Shields


You had 3 spell levels left.
You didn't know any spells.
Your spell library was empty.

Dungeon Overview and Level Annotations

Branches:
Dungeon (3/15)

Altars:

Annotations:
D:2 Robin


Innate Abilities, Weirdness & Mutations

You have a pair of horns on your head.
You reflexively headbutt those who attack you in melee.


Message History

You furiously retaliate!
You headbutt Robin. The hobgoblin barely misses you.
The goblin shoots a sling bullet.
The sling bullet barely misses you.
You hit Robin but do no damage.
Robin is moderately wounded.
You barely miss the hobgoblin. Robin hits you with a +0 mace.
The hobgoblin completely misses you.
The goblin shoots a sling bullet.
The sling bullet hits you.
* * * LOW HITPOINT WARNING * * *
The hobgoblin hits you.
* * * LOW HITPOINT WARNING * * *
Robin hits you but does no damage. The goblin attacks as you move away!
The goblin unwields a +0 sling.
The goblin wields a +0 dagger.
The goblin hits you with a +0 dagger.
* * * LOW HITPOINT WARNING * * *
The hobgoblin attacks as you move away! The hobgoblin hits you.
* * * LOW HITPOINT WARNING * * *
The goblin unwields a +0 dagger.
The goblin wields a +0 sling.
The goblin shoots a sling bullet.
The sling bullet closely misses you. Robin throws the goblin at you!
There is a stone staircase leading down here.
The hobgoblin no longer looks unusually strong.
The goblin unwields a +0 sling.
The goblin wields a +0 dagger.
The goblin completely misses you.
Robin roars a battlecry!
The hobgoblin goes into a battle-frenzy!
The hobgoblin hits you but does no damage.
You climb downwards.
Found a scroll labelled IDGHEJ QAUPHIBA.
There is a stone staircase leading up here.
You slash the goblin!
You kill the goblin!
You closely miss the hobgoblin. You block the hobgoblin's attack.
You closely miss the hobgoblin.
The hobgoblin is heavily wounded.
The hobgoblin hits you.
* * * LOW HITPOINT WARNING * * *
You barely miss the hobgoblin. Your headbutt misses the hobgoblin.
The hobgoblin is heavily wounded.
The hobgoblin hits you.
You die...

#
#########.#..#
......)@.....#
........g....#
.............#
.............#
.............#
...........#.#
...?...........
...............


You could see a hobgoblin (strong).

Vanquished Creatures
  An adder (D:2)
  3 worms (D:2)
  A dart slug (D:1)
  9 endoplasms
  A giant cockroach (D:1)
  13 goblins
  7 hobgoblins
  3 ball pythons
  8 bats
  8 frilled lizards
  2 kobolds
  7 rats
63 creatures vanquished.

Notes
Turn   | Place    | Note
-------+----------+-------------------------------------------
     0 | D:1      | fantasyman the Minotaur Fighter began the quest for the
                  | Orb.
     0 | D:1      | Reached XP level 1. HP: 19/19 MP: 0/0
   167 | D:1      | Reached XP level 2. HP: 19/26 MP: 1/1
   692 | D:1      | Reached XP level 3. HP: 32/33 MP: 2/2
  1463 | D:2      | Reached XP level 4. HP: 36/40 MP: 3/3
  1564 | D:2      | Noticed Robin
  1597 | D:3      | Slain by a hobgoblin

Illustrated notes

Levels and vault maps discovered:
D:1:      amcnicky_arrival_choice, layout_loops_ring, chequers_arboretum,
          minmay_misc_feat_alley
D:2:      layout_basic, minmay_vboxes, uniq_robin
D:3:      layout_basic, uniq_sigmund

Skill      XL: |  1  2  3 |
---------------+----------+-----
Armour         | 4 |  4.7
Axes           | 3 |  3.8
Shields        | 4 |  4.1
Fighting       | 4 |  4.0
Dodging        | |  0.1

Action                   |  1- 3 |  4- 6 || total
-------------------------+-------+-------++-------
Melee: War axe           |    91 |    22 ||   113
       Headbutt          |    11 |       ||    11
Armor: Scale mail        |    45 |    22 ||    67
Dodge: Dodged            |    46 |    16 ||    62
Block: Buckler           |    18 |     9 ||    27
